Map: Habitation Station LE

Players

Solar

  • Race: Zerg Zerg
  • Spawn Location: 1:00

iAsonu - Winner!

  • Race: Zerg Zerg
  • Spawn Location: 11:00

Event: IEM Season 11 - Gyeonggi

VOD

Have the link to the VOD?

Description

Time

  • Played on: Dec. 14, 2016, 5:05 a.m.
  • Length: 10:52

All games in this series

Show
View Real Time Build Order
Export as new Build Order

Solar Zerg 

Build Orders: Pool First 

Get SALT Encoding   

  12  0:00  Drone  
  13  0:11  Overlord  
  13  0:16  Drone  
  14  0:30  Drone x2  
  14  0:34  Drone  
  17  0:46  Spawning Pool  
  17  0:48  Drone  
  17  1:09  Hatchery  
  17  1:10  Drone  
  17  1:14  Drone  
  18  1:24  Extractor  
  18  1:32  Queen, Zergling x2  
  18  1:34  Drone  
  18  1:38  Overlord  
  21  1:49  Drone  
  22  2:02  Zergling x2  
  23  2:08  Queen  
  23  2:10  Drone  
  26  2:20  Queen  
  26  2:21  Drone x2  
  30  2:30  Metabolic Boost  
  30  2:32  Drone x2  
  32  2:41  Overlord  
  32  2:42  Drone x3  
  35  2:49  Zergling x2  
  36  3:01  Drone, Evolution Chamber  
  36  3:07  Roach Warren  
  36  3:08  Drone  
  36  3:09  Drone  
  36  3:11  Drone  
  38  3:16  Overlord  
  38  3:18  Zergling x6  
  41  3:25  Zergling x2  
  42  3:27  Zergling x2  
  42  3:28  Zergling x2  
  42  3:30  Overlord  
  44  3:35  Drone  
  44  3:37  Overlord  
  44  3:40  Overlord  
  45  3:49  Roach x3  
  45  3:54  Overlord  
  51  3:58  Roach  
  51  4:00  Roach x2  
  56  4:05  Baneling Nest  
  56  4:08  Roach  
  56  4:16  Roach  
  58  4:19  Overlord  
  58  4:20  Zergling x2  
  58  4:21  Zergling x2  
  60  4:27  Roach x2  
  60  4:28  Zergling x4  
  66  4:38  Zergling x8  
  70  4:44  Zergling x2  
  70  4:50  Zergling x2  
  69  4:54  Zergling x2  
  69  4:56  Baneling x3  
  69  4:57  Zergling x6  
  73  5:00  Baneling  
  73  5:02  Zergling x2  
  73  5:04  Overlord  
  71  5:08  Baneling, Zergling x2  
  71  5:09  Zergling x4  
  73  5:14  Zergling x2  
  73  5:16  Baneling  
  73  5:20  Zergling x2  
  73  5:23  Zergling x2  
  73  5:27  Zergling x2  
  64  5:28  Zergling x2  
  64  5:30  Zergling x2  
  64  5:34  Zergling x8  
  66  5:36  Baneling x2  
  66  5:38  Zergling x2  
  66  5:40  Extractor  
  65  5:46  Zergling x2  
  59  5:50  Zergling x2  
  59  5:54  Zergling x2  
  53  5:59  Zergling x2  
  53  6:04  Zergling x6  
  56  6:09  Baneling x2  
  56  6:10  Zergling x10  
  61  6:20  Zergling x2  
  61  6:22  Baneling  
  60  6:29  Roach  
  60  6:31  Roach  
  56  6:34  Drone x5  
  56  6:36  Roach  
  61  6:44  Roach  
  61  6:46  Roach  
  65  6:49  Baneling  
  65  6:54  Drone, Hatchery  
  65  6:58  Drone  
  66  7:04  Drone x2  
  66  7:05  Roach  
  66  7:06  Roach  
  66  7:07  Roach x2  
  76  7:11  Overlord  
  75  7:17  Drone  
  75  7:20  Drone  
  77  7:27  Overlord  
  77  7:31  Ravager  
  77  7:35  Zergling x2  
  77  7:36  Zergling x12  
  85  7:40  Overlord  
  85  7:41  Ravager  
  86  7:44  Overlord  
  85  7:51  Drone  
  85  7:54  Ravager  
  85  7:55  Zergling x2  
  88  8:02  Roach  
  90  8:06  Roach  
  90  8:07  Roach x2, Extractor  
  90  8:10  Overlord  
  90  8:11  Roach, Zergling x4  
  99  8:18  Zergling x4  
  100  8:20  Zergling x4  
  100  8:24  Ravager  
  100  8:27  Zergling x2  
  104  8:30  Zergling x2  
  104  8:33  Queen  
  105  8:36  Zergling x2  
  105  8:37  Zergling x6  
  102  8:42  Queen  
  102  8:44  Drone  
  102  8:46  Drone  
  106  8:49  Ravager  
  106  8:53  Roach  
  106  8:54  Ravager  
  111  8:55  Zergling x2  
  111  8:56  Zergling x4  
  111  8:59  Zergling x4  
  115  9:02  Zergling x2  
  115  9:03  Zergling x2  
  115  9:05  Ravager, Zergling x2  
  115  9:06  Zergling x2  
  115  9:08  Zergling x2  
  115  9:15  Zergling x2  
  115  9:16  Zergling x6  
  115  9:17  Ravager  
  115  9:18  Zergling x2  
  115  9:21  Zergling x2  
  115  9:23  Zergling x2  
  99  9:25  Zergling x2  
  99  9:26  Zergling x2  
  99  9:28  Zergling x2  
  99  9:30  Zergling x2  
  90  9:31  Roach x2  
  90  9:38  Evolution Chamber  
  91  9:39  Roach  
  91  9:40  Roach  
  91  9:43  Baneling x2  
  94  9:46  Ravager, Zergling x2  
  94  9:47  Zergling x2  
  94  9:48  Zergling x8  
  94  9:49  Ravager  
  94  9:51  Zergling x2  
  103  9:57  Zergling x4  
  92  10:00  Zergling x6  
  88  10:09  Zergling x6  
  67  10:18  Roach x4  
  65  10:22  Roach x2  
  65  10:24  Roach x2, Zergling x4  
  65  10:25  Zergling x2  
  65  10:27  Zergling x2  
Show
View Real Time Build Order
Export as new Build Order

iAsonu Zerg - Winner!

Build Orders: Hatch First 

Get SALT Encoding   

  12  0:00  Drone  
  13  0:14  Overlord  
  13  0:16  Drone  
  14  0:32  Drone  
  14  0:33  Drone  
  16  0:36  Drone  
  17  0:52  Hatchery  
  17  0:54  Drone  
  17  1:08  Spawning Pool  
  16  1:11  Extractor  
  16  1:12  Drone  
  16  1:15  Drone  
  17  1:19  Drone  
  18  1:30  Overlord  
  18  1:41  Drone  
  19  1:54  Queen  
  19  1:55  Drone  
  22  2:03  Queen  
  22  2:04  Zergling x2  
  22  2:08  Drone  
  26  2:11  Metabolic Boost  
  26  2:12  Drone  
  27  2:19  Drone  
  28  2:30  Drone  
  28  2:34  Drone  
  30  2:40  Overlord, Hatchery  
  30  2:44  Zergling x2  
  30  2:47  Zergling x2  
  31  2:52  Zergling x2  
  31  2:54  Spine Crawler  
  31  2:58  Zergling x4  
  33  3:06  Queen  
  33  3:12  Baneling Nest  
  34  3:13  Zergling x2  
  34  3:19  Zergling x4  
  37  3:25  Overlord  
  37  3:36  Drone x2  
  37  3:38  Drone  
  37  3:39  Zergling x2  
  37  3:40  Zergling x4  
  43  3:43  Drone  
  44  3:52  Overlord  
  44  3:56  Zergling x6  
  47  4:09  Overlord  
  47  4:10  Drone x3  
  50  4:19  Drone x2  
  50  4:22  Zergling x4  
  52  4:39  Zergling x6  
  52  4:40  Zergling x8  
  59  4:45  Roach Warren  
  57  4:53  Zergling x12  
  57  4:57  Baneling x6  
  63  5:00  Baneling  
  63  5:01  Baneling x2  
  61  5:10  Zergling x6  
  61  5:11  Zergling x4  
  62  5:22  Zergling x8  
  62  5:23  Baneling x6  
  54  5:31  Zergling x2  
  54  5:35  Zergling x2  
  51  5:39  Queen x2  
  46  5:50  Zergling x2  
  46  5:51  Zergling x10  
  46  5:55  Zergling x2  
  46  5:57  Baneling x2  
  46  5:58  Baneling, Zergling x4  
  46  5:59  Zergling x6  
  46  6:02  Roach  
  53  6:07  Roach  
  53  6:09  Zergling x2  
  53  6:10  Zergling x4  
  58  6:14  Zergling x4  
  60  6:23  Roach  
  61  6:28  Roach  
  58  6:35  Roach  
  59  6:43  Drone x6  
  65  6:48  Overlord  
  65  6:50  Overlord  
  65  6:54  Extractor  
  65  6:55  Overlord  
  65  7:00  Roach, Overlord  
  65  7:04  Overlord  
  65  7:07  Roach  
  68  7:08  Zergling x6  
  68  7:10  Roach  
  68  7:13  Roach, Zergling x6  
  77  7:18  Drone  
  77  7:19  Drone, Overlord  
  79  7:26  Roach  
  79  7:27  Roach  
  84  7:30  Drone  
  84  7:32  Extractor  
  84  7:33  Roach  
  85  7:41  Roach x2  
  89  7:51  Roach x2  
  94  7:58  Roach x2  
  94  8:02  Overlord  
  94  8:05  Roach x2  
  100  8:12  Roach x3  
  106  8:16  Overlord  
  106  8:20  Overlord  
  106  8:26  Overlord  
  106  8:33  Roach x5  
  113  8:37  Roach x3  
  111  8:49  Overlord  
  111  8:51  Drone  
  111  8:52  Drone x3  
  111  8:53  Roach x4  
  111  8:54  Baneling  
  123  8:57  Overlord  
  123  8:59  Roach x2  
  127  9:04  Roach x2  
  123  9:10  Roach  
  118  9:24  Roach x5  
  111  9:35  Roach, Zergling x2  
  111  9:36  Zergling x12  
  120  9:41  Roach x2  
  120  9:44  Extractor  
  122  9:46  Ravager  
  122  9:48  Zergling x2  
  124  9:59  Roach  
  119  10:00  Roach x3, Zergling x6  
  114  10:09  Roach x2  
  114  10:10  Roach  
  114  10:13  Roach  
  114  10:14  Roach x2  
  110  10:19  Roach, Zergling x2  
  102  10:27  Roach, Zergling x8  

Tags
 
Add a new tag
Caveats
  • Supply blocks, unpowered buildings, or Contaminate may cause inaccurate times.
  • Supply counts are checked every 10 seconds.